 Dungeon Crawl Stone Soup version 0.28.0 (webtiles) character file.

Game seed: 5473692401984815778

2153 jjjjhere the Destroyer (level 9, 0/50 HPs)
             Began as a Gargoyle Conjurer on Feb 14, 2022.
             Slain by Harold (13 damage)
             ... on level 7 of the Dungeon.
             The game lasted 00:16:42 (6231 turns).

jjjjhere the Destroyer (Gargoyle Conjurer)          Turns: 6231, Time: 00:16:43

Health: 0/50       AC: 11    Str: 12    XL:     9   Next: 31%
Magic:  11/19      EV:  6    Int: 25    God:
Gold:   603        SH:  0    Dex: 18    Spells: 12/22 levels left

rFire   + . .      SeeInvis .   y - +4 trident of Tomorrow {vorpal, rElec rPois Dex+3}
rCold   . . .      Faith    .   (no shield)
rNeg    + . .      Spirit   .   r - +0 troll leather armour {Pargi}
rPois   ∞          Reflect  .   (no helmet)
rElec   +          Harm     .   (no cloak)
rCorr   .          Rampage  .   (no gloves)
Will    .....                   s - +0 pair of boots "Pozomis" {rF+ Int+3 Dex+7}
Stlth   ++........              k - amulet of magic regeneration
HPRegen 0.96/turn               C - ring of flight
MPRegen 0.56/turn               (no ring)

@: freezing walls, flying, held
A: sickness immunity, AC +6, negative energy resistance 1, electricity
resistance, torment resistance 1, petrification resistance
a: no special abilities


You were on level 7 of the Dungeon.
You visited 2 branches of the dungeon, and saw 8 of its levels.
You also visited: Sewer and Ossuary.

You collected 603 gold pieces.

Inventory:

Hand Weapons
 d - a +0 dagger
 u - a +2 mace of protection
 y - the +4 trident of Tomorrow (weapon) {vorpal, rElec rPois Dex+3}
   (You found it on level 4 of the Dungeon)

   It inflicts extra damage upon your enemies.
   Dex:       It affects your dexterity (+3).
   rElec:     It insulates you from electricity.
   rPois:     It protects you from poison.
Missiles
 b - 11 poisoned darts
 e - 3 atropa-tipped darts (quivered)
 f - 6 curare-tipped darts
 h - 269 stones
 E - 2 throwing nets
Armour
 r - a +0 troll leather armour (worn) {Pargi}
 s - the +0 pair of boots "Pozomis" (worn) {rF+ Int+3 Dex+7}
   (You found it in a sewer)

   Int:       It affects your intelligence (+3).
   Dex:       It affects your dexterity (+7).
   rF:        It protects you from fire.
 B - a +2 robe of positive energy
Jewellery
 k - an amulet of magic regeneration (around neck)
 C - a ring of flight (left hand)
 D - a +4 ring of protection
Wands
 F - a wand of iceblast (11)
 N - a wand of flame (22)
Scrolls
 l - a scroll of enchant weapon {unknown}
 m - 3 scrolls of blinking {unknown}
 o - a scroll of amnesia {unknown}
 p - 4 scrolls of fog {unknown}
 w - 4 scrolls of magic mapping {unknown}
 x - a scroll of torment {unknown}
 A - 2 scrolls of teleportation {unknown}
 J - 2 scrolls of vulnerability {unknown}
 K - a scroll of immolation {unknown}
 M - a scroll of noise {unknown}
Potions
 a - 4 potions of cancellation
 c - 4 potions of degeneration
 g - 2 potions of brilliance {unknown}
 i - 2 potions of heal wounds
 j - 9 potions of curing
 n - 3 potions of magic
 q - 4 potions of berserk rage
 t - 3 potions of might
 v - 3 potions of attraction {unknown}
 z - 2 potions of lignification {unknown}
 G - a potion of mutation {unknown}
 H - a potion of flight {unknown}
 I - a potion of resistance {unknown}
 L - a potion of haste {unknown}


   Skills:
 + Level 3.0 Fighting
 - Level 1.5 Dodging
 - Level 2.1 Stealth
 + Level 7.0 Spellcasting
 - Level 9.9 Conjurations
 - Level 3.8 Ice Magic


You had 12 spell levels left.
You knew the following spells:

 Your Spells              Type           Power      Damage    Failure   Level
a - Magic Dart            Conj           100%       1d8       1%          1
b - Searing Ray           Conj           100%       2d8       1%          2
c - Frozen Ramparts       Ice            54%        1d7       5%          3
d - Iskenderun's Mystic   Conj/Tloc      33%        2d8       11%         4

Your spell library contained the following spells:

 Spells                   Type           Power      Damage    Failure   Level
 Freeze                   Ice            100%       1d11      1%          1
 Dazzling Flash           Conj/Hex       66%        N/A       3%          3
 Hailstorm                Conj/Ice       43%        3d10      4%          4
 Fulminant Prism          Conj/Hex       16%        3d11      11%         4


Dungeon Overview and Level Annotations

Branches:
Dungeon (7/15)             Temple (1/1) D:5           Sewer (visited)
Ossuary (visited)

Altars:
Ashenzari
Cheibriados
Dithmenos
Elyvilon
Fedhas
Gozag
Hepliaklqana
Kikubaaqudgha
Nemelex Xobeh
Okawaru
Qazlal
Trog
Uskayaw
Vehumet
Wu Jian
Xom
Yredelemnul
The Shining One

Annotations:
D:7 Harold


Innate Abilities, Weirdness & Mutations

You are immune to sickness and miasma.
Your stone body is resilient. (AC +6)
You are immune to poison.
You resist negative energy. (rN+)
You are resistant to electric shocks. (rElec)
You are resistant to unholy torment.
You are immune to petrification.


Message History

Aiming: Searing Ray (safe; 1% risk of failure)
Press: ? - help, Shift-Dir - straight line, f - Harold
Aim: Harold, wielding a +0 war axe of freezing, wearing a +1 chain mail of poison resistance and quivering a throwing net (lightly wounded, 92% to hit)
The searing ray hits Harold.
Harold is lightly wounded. (Press . to maintain the ray.)
The wall freezes Harold.
The searing ray hits Harold.
Harold is lightly wounded.
The wall freezes Harold.
Harold completely misses you.
The searing ray hits Harold.
Harold is moderately wounded.
The wall freezes Harold.
Harold hits you with a +0 war axe of freezing!!
Harold freezes you.
The searing ray hits Harold.
Harold is moderately wounded.
You finish channelling your searing ray.
The wall freezes Harold.
Harold completely misses you.
Casting: Searing Ray (safe; 1% risk of failure)
Confirm with . or Enter, or press ? or * to list all spells.
Aiming: Searing Ray (safe; 1% risk of failure)
Press: ? - help, Shift-Dir - straight line, f/p - Harold
Aim: Harold, wielding a +0 war axe of freezing, wearing a +1 chain mail of poison resistance and quivering a throwing net (heavily wounded, 92% to hit)
The searing ray hits Harold but does no damage.
Harold is heavily wounded. (Press . to maintain the ray.)
The wall freezes Harold.
Harold hits you with a +0 war axe of freezing!
* * * LOW HITPOINT WARNING * * *
Harold freezes you.
* * * LOW HITPOINT WARNING * * *
The searing ray hits Harold.
Harold is heavily wounded.
The wall freezes Harold.
Harold hits you but does no damage.
The searing ray hits Harold but does no damage.
Harold is severely wounded.
The wall freezes Harold.
Harold hits you with a +0 war axe of freezing!
You die...

### #......# # ..# ###
#.####.#### #.# ..# #.# #.....
#.#########.# #.####..###
#.##......#.# ###....#....#
##.##.####.#.###....#.#..#.#
#...........................
######.###.######.....##.#....#.#
......>.)[.....@@...<............
....######.###.#########.####.###
....######.###.# #.# #.#
...............# #.# #.###
...........####### #####.# #....
.................# #...#.# #####
..).........####.# #.#.#.#
............####.# #.#.#.#
...............#.# #.#.#.#######


You could see Harold.

Vanquished Creatures
  A steam dragon (D:7)
  An ice beast (D:5)
  Pargi (Sewer)
  An ogre (D:4)
  A necrophage (D:7)
  A kobold brigand (D:7)
  2 bullfrogs
  2 scorpions
  A water moccasin zombie (D:6)
  A wyvern zombie (D:7)
  A water moccasin skeleton (D:4)
  2 howler monkeys
  A centaur zombie (D:7)
  5 hounds
  A bullfrog zombie (D:6)
  3 jellies
  2 orc priests (D:5)
  3 bullfrog skeletons
  2 centaur skeletons
  3 iguanas
  A scorpion zombie (D:5)
  4 orc wizards (D:5)
  A hound zombie (D:5)
  8 mummies (Ossuary)
  A howler monkey skeleton (D:7)
  5 adders
  10 river rats
  An adder skeleton (D:4)
  A worm (D:3)
  3 dart slugs
  22 orcs
  7 ball pythons
  4 endoplasms
  5 giant cockroaches
  6 goblins
  6 hobgoblins
  4 jackals (D:5)
  10 kobolds
  7 quokkas
  8 bats
  A frilled lizard (D:1)
  2 gnoll zombies (Ossuary)
  2 hobgoblin zombies (Ossuary)
  3 kobold zombies (Ossuary)
  An orc zombie (Ossuary)
  26 rats
184 creatures vanquished.

Notes
Turn   | Place    | Note
-------+----------+-------------------------------------------
     0 | D:1      | jjjjhere the Gargoyle Conjurer began the quest for the Orb.
     0 | D:1      | Reached XP level 1. HP: 10/10 MP: 3/3
   219 | D:1      | Reached XP level 2. HP: 9/15 MP: 1/5
   260 | D:1      | Learned a level 2 spell: Searing Ray
   445 | D:1      | Reached skill level 5 in Conjurations
   782 | D:1      | Reached XP level 3. HP: 16/19 MP: 6/6
  1300 | D:1      | Found a faded altar of an unknown god.
  1917 | D:3      | Reached XP level 4. HP: 24/24 MP: 1/7
  2000 | D:3      | Found a sparkling altar of Nemelex Xobeh.
  2002 | D:3      | Found a bloodstained altar of Trog.
  2004 | D:3      | Found a radiant altar of Vehumet.
  2068 | D:3      | Found a glowing drain.
  2071 | D:3      | Reached skill level 6 in Conjurations
  2078 | Sewer    | Entered a sewer
  2111 | Sewer    | Noticed Pargi
  2123 | Sewer    | Killed Pargi
  2124 | Sewer    | Reached XP level 5. HP: 20/28 MP: 1/9
  2148 | Sewer    | Identified the +0 pair of boots "Pozomis" {rF+ Int+3 Dex+7}
  2468 | D:3      | Reached skill level 7 in Conjurations
  2807 | D:4      | Reached XP level 6. HP: 32/32 MP: 7/10
  3022 | D:4      | Identified the +4 trident of Tomorrow {vorpal, rElec rPois
                  | Dex+3}
  3083 | D:4      | Reached skill level 8 in Conjurations
  3201 | D:4      | Reached XP level 7. HP: 36/36 MP: 12/12
  3577 | D:5      | Entered Level 5 of the Dungeon
  3609 | D:5      | Found a staircase to the Ecumenical Temple.
  3624 | Temple   | Entered the Ecumenical Temple
  3859 | D:5      | Reached skill level 9 in Conjurations
  3920 | D:5      | Reached XP level 8. HP: 41/41 MP: 8/14
  3935 | D:5      | Found a shimmering altar of Xom.
  3935 | D:5      | Found a shimmering altar of Xom.
  4092 | D:5      | Found a sand-covered staircase.
  4106 | Ossuary  | Entered an ossuary
  4416 | D:5      | Reached skill level 5 in Spellcasting
  4622 | D:5      | Learned a level 3 spell: Frozen Ramparts
  4627 | D:5      | Learned a level 4 spell: Iskenderun's Mystic Blast
  4786 | D:5      | Reached skill level 1 in Ice Magic
  5678 | D:7      | Reached XP level 9. HP: 45/45 MP: 15/18
  5710 | D:7      | Reached skill level 1 in Fighting
  6197 | D:7      | Noticed Harold
  6229 | D:7      | HP: 15/50 [Harold (15)]
  6231 | D:7      | Slain by Harold

Illustrated notes

Levels and vault maps discovered:
D:1:      sevenhm_arrival_forest_fort_large_4, layout_basic,
          shapermc_ecumenical_altar_hornbeckon, minmay_misc_feat_secret_circle,
          minmay_quantized
D:2:      layout_rooms
D:3:      layout_basic, minitemple, portal_sewer_entry_e,
          hangedman_decor_opposing
D:4:      layout_rooms, roderic_serpentine_path, minmay_checkerbox
D:5:      layout_basic, xom_redecorated, minmay_temple_entry_tees,
          enter_ossuary_1, kennysheep_another_room
D:6:      lemuel_ratsnest, layout_loops_cross, minmay_statues_item
D:7:      layout_basic, kennysheep_little_box, uniq_harold
Temple:   dpeg_chambers_temple

Skill      XL: |  1  2  3  4  5  6  7  8  9 |
---------------+----------------------------+-----
Conjurations   | 5 6 7 8 9 |  9.9
Spellcasting   | 3 4 6 7 |  7.0
Ice Magic      | 3 |  3.8
Fighting       | 3 |  3.0
Dodging        | |  1.5
Stealth        | |  2.1

Action                   |  1- 3 |  4- 6 |  7- 9 || total
-------------------------+-------+-------+-------++-------
Melee: Dagger            |    40 |    29 |       ||    69
       Punch             |       |     1 |     3 ||     4
       Trident           |       |     4 |   142 ||   146
 Cast: Magic Dart        |    26 |     3 |     3 ||    32
       Searing Ray       |    11 |    18 |    43 ||    72
       Frozen Ramparts   |       |       |     1 ||     1
  Use: Scroll            |       |       |     6 ||     6
 Stab: Sleeping          |     2 |     1 |     4 ||     7
       Distracted        |       |       |     1 ||     1
Armor: Robe              |    21 |     8 |       ||    29
       Troll leather arm |       |    11 |    88 ||    99
Dodge: Dodged            |    36 |    44 |   111 ||   191
